cohdb
Replays
Latest Replays
All Replays
Popular Replays
Top Player Replays
Match Explorer
How It Works
Community
CoH3 Stats
Reddit
Sign in to upload your games and track your stats! →
Sign in with Steam
Match 42484555
Unlisted
Match 42484555
Overview
Messages
Build Orders
End
Construct Barracks
Riflemen Squad
Riflemen Squad
Selects Heavy Weapons
Riflemen Squad
Infantry Support Center
Engineer Squad
Construct Medical Station
Construct Weapon Support Center
M3 Armored Personnel Carrier
Selects Assault Carriers
Selects Exchangeable Parts
M1919 Machine Gun Team
Grenade Package
M1918 Browning Automatic Rifles
Engineer Squad
Construct Motor Pool
Advanced Logistics
Selects M26 Pershing Heavy Tank
M26 Pershing Heavy Tank
Engineer Squad
Selects M2HB .50cal Heavy Machine Gun
Selects Rapid Reposition
M1919 Machine Gun Team
Survival Training
M1 Anti-tank Gun Team
M1919 Machine Gun Team
Engineer Squad
Selects Black Dragon Artillery Barrage
Black Dragon Artillery Barrage
Black Dragon Artillery Barrage
WeX Dawg
desertBeliever
0
0
Comments
sign in to comment!
No comments posted yet!